 Dungeon Crawl Stone Soup version 0.28-b1-1-g3c77fb2ed1 (webtiles) character file.

Game seed: 16602071765307445457

2 croobank the Magician (level 1, -1/13 HPs)
             Began as a Palentonga Hedge Wizard on Jan 30, 2022.
             Slain by a goblin (4 damage)
             ... on level 1 of the Dungeon.
             The game lasted 00:01:12 (217 turns).

croobank the Magician (Palentonga Hedge Wizard)      Turns: 217, Time: 00:01:12

Health: -1/13      AC:  4    Str: 13    XL:     1   Next: 33%
Magic:  4/4        EV:  9    Int: 14    God:
Gold:   19         SH:  0    Dex:  9    Spells: 4/6 levels left

rFire   . . .      SeeInvis +   e - +0 mace
rCold   . . .      Faith    .   (no shield)
rNeg    + . .      Spirit   .   b - +0 robe
rPois   .          Reflect  .   c - +0 hat
rElec   .          Harm     .   (no cloak)
rCorr   .          Rampage  .   (no gloves)
Will    .....                   (no barding)
Stlth   +.........              (no amulet)
HPRegen 0.04/turn               d - ring of positive energy
MPRegen 0.09/turn               (no ring)

@: no status effects
A: large, rugged brown scales 3, see invisible, deformed body, roll 1, armoured
tail
a: Rolling Charge


You were on level 1 of the Dungeon.
You visited 1 branch of the dungeon, and saw 1 of its levels.

You collected 19 gold pieces.

Inventory:

Hand Weapons
 a - a +0 dagger
 e - a +0 mace (weapon)
Missiles
 f - 12 stones
Armour
 b - a +0 robe (worn)
 c - a +0 hat (worn)
Jewellery
 d - a ring of positive energy (left hand)
Potions
 g - a potion of curing {unknown}


   Skills:
 + Level 1.5 Dodging
 + Level 1.2 Stealth
 + Level 3.1 Spellcasting
 + Level 0.8 Conjurations
 + Level 0.7 Summonings
 + Level 1.0 Translocations


You had 4 spell levels left.
You knew the following spells:

 Your Spells              Type           Power      Damage    Failure   Level
a - Magic Dart            Conj           16%        1d3       16%         1
b - Slow                  Hex            8%         N/A       22%         1

Your spell library contained the following spells:

 Spells                   Type           Power      Damage    Failure   Level
 Blink                    Tloc           10%        N/A       22%         2
 Call Imp                 Summ           4%         N/A       24%         2
 Conjure Flame            Conj/Fire      3%         6-21      47%         3
 Mephitic Cloud           Conj/Pois/Air  3%         N/A       50%         3


Dungeon Overview and Level Annotations

Branches:
Dungeon (1/15)

Altars:


Innate Abilities, Weirdness & Mutations

You are completely covered in rugged brown scales. (AC +3, +7% HP)
You have supernaturally acute eyesight. (SInv)
Armour fits poorly on your strangely shaped body.
You can roll at nearby foes to attack.
You have a long armoured tail.


Message History

The bat hits you but does no damage. The bat barely misses you.
You miss the bat.
The bat is severely wounded.
The bat hits you but does no damage. The bat barely misses you.
The bat barely misses you.
You closely miss the bat.
The bat is severely wounded.
The bat barely misses you. The bat hits you but does no damage.
A goblin comes into view. It is wielding a +0 club.
The bat barely misses you. The bat misses you. The bat completely misses you.
The bat hits you. x2
The bat hits you but does no damage.
A ball python comes into view.
The ball python hisses angrily.
The bat completely misses you.
You miss the bat.
Your tail-slap misses the bat.
The bat hits you but does no damage. The bat closely misses you.
You closely miss the goblin. Your punch misses the goblin.
The goblin hits you with a +0 club.
You closely miss the goblin. The ball python closely misses you.
The goblin barely misses you. x2; The ball python bites you.
You closely miss the goblin. The ball python bites you.
The goblin hits you but does no damage. The ball python misses you.
You barely miss the goblin. The goblin hits you with a +0 club.
The ball python bites you but does no damage.
The goblin hits you with a +0 club.
The ball python bites you but does no damage.
The ball python bites you but does no damage.
The ball python bites you.
* * * LOW HITPOINT WARNING * * *
You barely miss the ball python. You tail-slap the ball python.
You kill the ball python!
You hit the goblin.
The goblin is severely wounded.
The goblin hits you with a +0 club.
You die...

#.# #.# ..#
#.# # #.## #.#
## #.##.###.#
... #........#
.. ####.###.#
#.###.## #.#
#.##...#####.#
#.........bg@#
##.######.##.#
# #.##.#
#.##.# #.##.#
#.##.# #.##.#
.....#


You could see a goblin and a bat.

Vanquished Creatures
  A bat (D:1)
  2 ball pythons (D:1)
3 creatures vanquished.

Notes
Turn   | Place    | Note
-------+----------+-------------------------------------------
     0 | D:1      | croobank the Palentonga Hedge Wizard began the quest for
                  | the Orb.
     0 | D:1      | Reached XP level 1. HP: 13/13 MP: 4/4
   101 | D:1      | Learned a level 1 spell: Slow
   217 | D:1      | Slain by a goblin

Illustrated notes

Levels and vault maps discovered:
D:1:      dpeg_arrival_chambers_temple_mockup, layout_loops_ring,
          chequers_serial_rivers_small_a, dk_noncrumbling_3,
          minmay_indecisive_spiral

Action                   || total
-------------------------++-------
Melee: Mace              ||    12
       Tailslap          ||     1
 Cast: Magic Dart        ||     2
Armor: Robe              ||    11
Dodge: Dodged            ||    15
